 Dungeon Crawl Stone Soup version 0.26-a0-651-gb41185065b (webtiles) character file.

Game seed: 5163890507933397837

256 Flugslaktarn the Chopper (level 5, -9/50 HPs)
             Began as a Deep Dwarf Fighter on Oct 11, 2020.
             Mangled by an orc warrior
             ... wielding a +1 long sword of flaming
              (13 damage)
             ... on level 6 of the Dungeon.
             The game lasted 00:00:23 (275 turns).

Flugslaktarn the Chopper (Deep Dwarf Fighter)        Turns: 275, Time: 00:00:24

Health: -9/50      AC:  7    Str: 19    XL:     5   Next: 92%
Magic:  1/1        EV:  7    Int:  9    God:
Gold:   30         SH:  9    Dex: 13    Spells: 4/4 levels left

rFire    . . .     SeeInvis .   a - +0 war axe
rCold    . . .     Faith    .   c - +0 kite shield
rNeg     . . .     Spirit   .   b - +0 scale mail
rPois    .         Reflect  .   (no helmet)
rElec    .         Harm     .   (no cloak)
rCorr    .         Rampage  .   (no gloves)
MR       .....                  (no boots)
Stlth    ..........             (no amulet)
HPRegen  0.00/turn              (no ring)
MPRegen  0.07/turn              (no ring)

@: non-regenerating
A: damage resistance, heal wounds, sense surroundings 1, no regeneration
a: Heal Wounds


You were on level 6 of the Dungeon.
You visited 1 branch of the dungeon, and saw 6 of its levels.

You collected 30 gold pieces.

Inventory:

Hand Weapons
 a - a +0 war axe (weapon)
Armour
 b - a +0 scale mail (worn)
 c - a +0 kite shield (worn)
Potions
 d - a potion of might
 e - a potion of invisibility {unknown}
 f - a potion of haste {unknown}
 g - 3 potions of curing {unknown}


   Skills:
 * Level 4.2 Fighting
 * Level 4.3 Axes
 + Level 4.2 Armour
 + Level 4.1 Shields


You had 4 spell levels left.
You didn't know any spells.
Your spell library was empty.

Dungeon Overview and Level Annotations

Branches:
Dungeon (6/15)
 Temple: D:4-7

Altars:


Innate Abilities, Weirdness & Mutations

You are resistant to damage.
You can heal yourself by infusing magical energy.
You passively map a small area around you.
You do not regenerate.


Message History

* * * LOW HITPOINT WARNING * * *
You are too injured to fight recklessly!
You are too injured to fight recklessly!
You are too injured to fight recklessly!
You are too injured to fight recklessly!
You are too injured to fight recklessly!
You are too injured to fight recklessly!
Your magical essence is drained by the effort!
You feel much better. You block the orc warrior's attack.
You fail to use your ability.
The orc warrior hits you with a +1 long sword of flaming!
* * * LOW HITPOINT WARNING * * *
The orc warrior burns you.
* * * LOW HITPOINT WARNING * * *
You are too injured to fight recklessly!
You are too injured to fight recklessly!
You are too injured to fight recklessly!
You fail to use your ability.
The orc warrior hits you with a +1 long sword of flaming!
You die...

.##......##
..........# *
..........# * *
* ......... .,
#.....)### ## ,
..##......>.#...
*
................
, *
......).<.......
* *
......o@........
*
####..)##..#..#.
#... ### ##
..... * +
....... .......
....>.. #..#...
* *


You could see an orc warrior.

Vanquished Creatures
  A bullfrog (D:6)
  2 orc priests
  2 orc wizards (D:4)
  An iguana (D:4)
  2 adders
  An ufetubus (D:2)
  2 worms (D:2)
  A leopard gecko (D:1)
  5 orcs
  A bat (D:3)
  2 goblins (D:3)
  2 hobgoblins
  2 kobolds
  A frilled lizard (D:3)
25 creatures vanquished.

Vanquished Creatures (others)
  A plant (D:4)
1 creature vanquished.

Grand Total: 26 creatures vanquished

Notes
Turn   | Place    | Note
-------+----------+-------------------------------------------
     0 | D:1      | Flugslaktarn the Deep Dwarf Fighter began the quest for the
                  | Orb.
     0 | D:1      | Reached XP level 1. HP: 20/20 MP: 1/1
    57 | D:2      | Reached XP level 2. HP: 24/27 MP: 2/2
    87 | D:3      | Reached XP level 3. HP: 25/34 MP: 3/3
   191 | D:4      | Reached XP level 4. HP: 28/42 MP: 3/3
   193 | D:4      | HP: 1/42 [orc priest/divine providence (12)]
   213 | D:4      | Reached XP level 5. HP: 38/50 MP: 4/4
   222 | D:5      | Entered Level 5 of the Dungeon
   245 | D:6      | Noticed an orc warrior
   256 | D:6      | HP: 2/50 [orc (2)]
   275 | D:6      | Mangled by an orc warrior

Illustrated notes

Levels and vault maps discovered:
D:1:      saegor_arrival_simple_b, layout_loops_ring
D:2:      layout_basic, lemuel_coloured_pillars_altar, serial_glass,
          glass_columns_b, glass_columns_a, due_unseen_surprise, uniq_jessica
D:3:      layout_basic, uniq_sigmund, uniq_grinder
D:4:      wad_lake_hut, layout_basic, minmay_temple_entry_ruins, serial_shops,
          nicolae_shop_statue_plus, serial_glass, glass_columns_a,
          glass_columns_a, serial_bayou_pond_a, hex_intersection
D:5:      layout_cave_pods, solitary_fountain
D:6:      layout_gridville, grunt_temple_overflow_opulence, dk_vineyard_1,
          nicolae_tso_besieged_by_evil, uniq_duvessa

Skill      XL: |  1  2  3  4  5 |
---------------+----------------+-----
Fighting       | 3 4 |  4.2
Axes           | 3 4 |  4.3
Armour         | 4 |  4.2
Shields        | 4 |  4.1

Action                   |  1- 3 |  4- 6 || total
-------------------------+-------+-------++-------
Melee: War axe           |    63 |    39 ||   102
 Abil: Heal Wounds       |     1 |    10 ||    11
Armor: Scale mail        |    38 |    19 ||    57
Dodge: Dodged            |    29 |    13 ||    42
Block: Kite shield       |    50 |    31 ||    81

Table legend: (Time is in decaauts)
 A = Elapsed time spent in this place.
 B = Non-inter-level travel time spent in this place.
 C = Inter-level travel time spent in this place.
 D = Time resting spent in this place.
 E = Time spent auto-exploring this place.
 F = Levels seen in this place.
 G = Mean time per level.
                   A        B        C        D        E       F      G
               +--------+--------+--------+--------+--------+-----+--------+
         Total |    315 |    267 |     48 |      0 |     71 |   6 |   52.5 |
       Dungeon |    315 |    267 |     48 |      0 |     71 |   6 |   52.5 |
               +--------+--------+--------+--------+--------+-----+--------+

Top non-repeatable levels by time:
     D:3: 107 daAuts
     D:1: 57 daAuts
     D:4: 53 daAuts
     D:6: 39 daAuts
     D:2: 36 daAuts
     D:5: 20 daAuts
